AoeStats
← 8

Arena

510095395Analyzed
4v4 RM · 4d ago on Sep 29, 2026· 27m 44s· 8 players
Game mode
Random Map
Map size
Large (8 player)
Population
200
Speed
Normal
Resources
Standard
Victory
Conquest
Starting age
Dark Age
Ending age
Imperial Age
RankedLock teamsTeams togetherTeam positionsShared explorationLock speedFull tech treeHidden civsTurbo modeCheats
Victory
Defeat
🇺🇸 Khmer · United States
1265
+13
🇧🇪 Koreans · Belgium
1216
+15
🇺🇸 Dravidians · United States
1212
+15
🇨🇳 Varangians · China
1139
+18
🇨🇳 Cumans · China
1198
-16
🇨🇳 Bohemians · China
1195
-15
🇨🇳 Saxons · China
1185
-15
🇹🇼 Varangians · Taiwan
1182
-15
绫地宁宁
6:55 Loom
9:41 Feudal Age
10:35 Double-Bit Axe
11:29 Horse Collar
12:42 Wheelbarrow
18:28 Gold Mining
19:08 Bloodlines
22:59 Castle Age
21:15 Scale Barding Armor
21:21 Forging
flandle
12:29 Feudal Age
13:39 Horse Collar
13:45 Double-Bit Axe
16:45 Castle Age
21:02 Imperial Age
DongHan
11:11 Feudal Age
11:59 Double-Bit Axe
14:43 Castle Age
12:31 Horse Collar
15:49 Bow Saw
18:02 Loom
22:16 Scale Barding Armor
24:09 Chain Barding Armor
23:59 Forging
26:15 Iron Casting
25:53 Bloodlines
25:47 Husbandry
MyGO.Soyo
11:56 Feudal Age
13:33 Double-Bit Axe
14:54 Wheelbarrow
18:05 Castle Age
18:03 Gold Mining
18:04 Stone Mining
18:19 Horse Collar
19:18 Loom
20:39 Bow Saw
21:53 Heavy Plow
Ra
10:28 Feudal Age
13:14 Castle Age
11:45 Double-Bit Axe
12:13 Horse Collar
13:29 Bloodlines
18:01 Bloodlines
18:26 Scale Barding Armor
19:31 Chain Barding Armor
19:08 Loom
22:56 Husbandry
24:27 Wheelbarrow
24:37 Forging
26:16 Iron Casting
28:02 Heavy Plow
TLDR
10:35 Feudal Age
12:09 Double-Bit Axe
13:21 Loom
14:04 Horse Collar
17:22 Castle Age
16:59 Fletching
17:48 Stone Mining
18:39 Bow Saw
18:45 Bodkin Arrow
20:17 Stone Shaft Mining
24:15 Wheelbarrow
25:18 Hand Cart
野生西红柿
0:32 Loom
9:51 Feudal Age
10:54 Double-Bit Axe
11:16 Horse Collar
11:24 Town Watch
11:09 Man-at-Arms
11:35 Arson
13:59 Fletching
22:45 Castle Age
21:32 Forging
21:24 Scale Mail Armor
21:20 Gold Mining
21:24 Stone Mining
22:47 Wheelbarrow
22:50 Long Swordsman
23:16 Gambesons
23:31 Squires
22:53 Pikeman
25:15 Bow Saw
25:23 Heavy Plow
26:25 Hand Cart
26:32 Chain Mail Armor
8
10:11 Feudal Age
14:22 Castle Age
12:52 Double-Bit Axe
15:01 Fletching
17:18 Crossbowman
18:54 Gold Mining
20:47 Bodkin Arrow
23:39 Forging
24:01 Loom
25:34 Bow Saw
26:35 Iron Casting
27:04 Padded Archer Armor
Connection lost

Rejoining the realm…

Still unreachable

The connection could not be restored.

Session expired

The server has moved on; the page needs a fresh start.